 Dungeon Crawl Stone Soup version 0.29-a0-834-g1e95ca9f62 (webtiles) character file.

Game seed: 8300470755706725439

64 blackman the Insei (level 4, -4/35 HPs)
             Began as a Human Monk on July 12, 2022.
             Was a Priest of Vehumet.
             Slain by a goblin
             ... wielding a +0 club
             ... led by Robin
              (6 damage)
             ... on level 2 of the Dungeon.
             The game lasted 00:02:39 (1605 turns).

blackman the Insei (Human Monk)                     Turns: 1605, Time: 00:02:40

Health: -4/35      AC:  2    Str: 11    XL:     4   Next: 32%
Magic:  4/4        EV: 13    Int: 13    God:    Vehumet [***...]
Gold:   36         SH:  0    Dex: 15    Spells: 3/3 levels left

rFire   . . .      SeeInvis .     - Unarmed
rCold   . . .      Faith    .   (no shield)
rNeg    . . .      Spirit   .   a - +0 robe
rPois   .          Reflect  .   h - +0 hat
rElec   .          Harm     .   (no cloak)
rCorr   .          Rampage  .   (no gloves)
Will    .....                   (no boots)
Stlth   +.........              (no amulet)
HPRegen 0.11/turn               (no ring)
MPRegen 0.09/turn               (no ring)

@: confused, ambrosia-drunk
A: no striking features
a: Renounce Religion


You were on level 2 of the Dungeon.
You worshipped Vehumet.
Vehumet was most pleased with you.
You visited 1 branch of the dungeon, and saw 2 of its levels.

You collected 36 gold pieces.

Inventory:

Hand Weapons
 g - a +3 dagger of draining
Armour
 a - a +0 robe (worn)
 h - a +0 hat (worn)
Jewellery
 d - a ring of ice
Scrolls
 c - a scroll of identify {unknown}
 e - a scroll of amnesia {unknown}
 f - a scroll of vulnerability {unknown}


   Skills:
 - Level 3.0 Fighting
 - Level 3.0 Dodging
 - Level 2.0 Stealth
 + Level 4.9 Unarmed Combat


You had 3 spell levels left.
You didn't know any spells.
Your spell library contained the following spells:

 Spells                   Type           Power      Damage    Failure   Level
 Inner Flame              Hex/Fire       0%         N/A       24%         3
 Apportation              Tloc           0%         N/A       30%         1
 Necrotise                Necr           0%         1d4       30%         1
 Summon Small Mammal      Summ           0%         N/A       30%         1
 Blink                    Tloc           0%         N/A       43%         2
 Lesser Beckoning         Tloc           0%         N/A       67%         3
 Manifold Assault         Tloc           0%         N/A       100%        5


Dungeon Overview and Level Annotations

Branches:
Dungeon (2/15)

Altars:
Vehumet


Message History

The goblin barely misses you.
You hit Robin.
Robin is heavily wounded.
The goblin barely misses you. The goblin hits you with a +0 dagger.
Robin misses you. The goblin hits you with a +0 club.
* * * LOW HITPOINT WARNING * * *
You hit Robin.
Robin is severely wounded.
The goblin closely misses you. The goblin barely misses you.
The goblin closely misses you. Robin throws the goblin at you!
* * * LOW HITPOINT WARNING * * *
The goblin closely misses you.
You hit Robin.
Robin is almost dead.
The goblin no longer looks unusually strong.
The goblin hits you with a +0 club.
* * * LOW HITPOINT WARNING * * *
The goblin barely misses you. The goblin closely misses you.
Robin roars a battlecry!
The goblin goes into a battle-frenzy!
The goblin closely misses you.
You hit Robin.
You kill Robin!
Vehumet accepts your kill.
The goblin no longer looks unusually strong. x2
The goblin closely misses you.
The goblin hits you with a +1 dagger of holy wrath.
* * * LOW HITPOINT WARNING * * *
The goblin hits you with a +0 dagger.
* * * LOW HITPOINT WARNING * * *
The goblin barely misses you.
Unknown command.
You aren't carrying any items that you can evoke.
Unknown command.
Unknown command.
You are confused.
You feel invigorated. The goblin hits you with a +0 club.
* * * LOW HITPOINT WARNING * * *
The goblin hits you with a +0 club.
You die...

.##.>...# ....###.#
.#..# #.#########
<†..###.#.......####
.#.##...#..........###
.....................
...##.###..........#####
.#.##.###......g#gg.....
.......:........@gg...|.
##.#####.......g#gg.....
#.#####........#g......
#........†.....#.......
########.......#...!...
#†......#.......
#.......#.......
#.......#.......
#.......#


You could see a hobgoblin (strong) and 8 goblins.

Vanquished Creatures
  Robin (D:2)
  2 adders
  3 dart slugs
  5 goblins
  7 hobgoblins
  2 kobolds
  2 quokkas
  2 ball pythons (D:1)
  A bat (D:1)
  3 rats
28 creatures vanquished.

Notes
Turn   | Place    | Note
-------+----------+-------------------------------------------
     0 | D:1      | blackman the Human Monk began the quest for the Orb.
     0 | D:1      | Reached XP level 1. HP: 18/18 MP: 1/1
   107 | D:1      | Reached XP level 2. HP: 24/24 MP: 2/2
   423 | D:1      | Found a faded altar of an unknown god.
   435 | D:1      | Prayed at the altar of an unknown god.
   435 | D:1      | Became a worshipper of Vehumet
   435 | D:1      | Reached * piety under Vehumet
   435 | D:1      | Offered knowledge of Foxfire by Vehumet.
   435 | D:1      | Reached ** piety under Vehumet
   444 | D:1      | Reached skill level 4 in Unarmed Combat
   444 | D:1      | Reached XP level 3. HP: 25/28 MP: 3/3
   717 | D:1      | Offered knowledge of Poisonous Vapours by Vehumet.
  1392 | D:2      | Offered knowledge of Inner Flame by Vehumet.
  1559 | D:2      | Reached *** piety under Vehumet
  1560 | D:2      | Reached XP level 4. HP: 35/35 MP: 4/4
  1590 | D:2      | Noticed Robin
  1604 | D:2      | Killed Robin
  1605 | D:2      | Slain by a goblin

Illustrated notes

Levels and vault maps discovered:
D:1:      shiori_arrival_oz, layout_basic, basic_ecumenical_altar,
          minmay_misc_feat_plants, grunt_decor_arrowhead
D:2:      cheibrodos_greedy_goblins, layout_basic, uniq_robin

Skill      XL: |  1  2 |
---------------+-------+-----
Unarmed Combat | 4 |  4.9
Fighting       | |  3.0
Dodging        | |  3.0
Stealth        | |  2.0

Action                   |  1- 3 |  4- 6 || total
-------------------------+-------+-------++-------
Melee: Unarmed           |    65 |    15 ||    80
       Punch             |     3 |       ||     3
  Use: Potion            |       |     1 ||     1
 Stab: Sleeping          |     6 |       ||     6
Armor: Robe              |     9 |     1 ||    10
Dodge: Dodged            |    41 |    21 ||    62

Table legend: (Time is in decaauts)
 A = Elapsed time spent in this place.
 B = Non-inter-level travel time spent in this place.
 C = Inter-level travel time spent in this place.
 D = Time resting spent in this place.
 E = Time spent auto-exploring this place.
 F = Levels seen in this place.
 G = Mean time per level.
                   A        B        C        D        E       F      G
               +--------+--------+--------+--------+--------+-----+--------+
         Total |   1601 |   1559 |     42 |    529 |    839 |   2 |  800.5 |
       Dungeon |   1601 |   1559 |     42 |    529 |    839 |   2 |  800.5 |
               +--------+--------+--------+--------+--------+-----+--------+

Top non-repeatable levels by time:
     D:1: 1372 daAuts
     D:2: 229 daAuts
